 Dungeon Crawl Stone Soup version 0.31.0-9-g3a7656b989 (webtiles) character file.

Game seed: 14123563641796161607

8 monsoonserge the Gusty (level 2, -1/19 HPs)
             Began as a Barachi Air Elementalist on Jan 25, 2024.
             Slain by a gnoll
             ... wielding a +0 spear
              (4 damage)
             ... on level 1 of the Dungeon.
             The game lasted 00:02:04 (200 turns).

monsoonserge the Gusty (Barachi Air Elementalist)    Turns: 200, Time: 00:02:04

Health: -1/19      AC:  3    Str:  9    XL:     2   Next: 8%
Magic:  5/5        EV: 12    Int: 15    God:
Gold:   10         SH:  0    Dex: 12    Spells: 4/5 levels left

rFire   . . .        e - +0 hand axe (heavy)
rCold   . . .        (no shield)
rNeg    . . .        a - +0 robe
rPois   .            (no helmet)
rElec   .            (no cloak)
rCorr   .            (no gloves)
SInv    .            h - +0 pair of boots
Will    .....        (no amulet)
Stlth   ++           (no ring)
HPRegen 0.23/turn    (no ring)
MPRegen 0.09/turn

%: no passive effects
@: slow
A: amphibious, slowness 1, strong legs 1, +LOS
a: Hop


You were on level 1 of the Dungeon.
You visited 1 branch of the dungeon, and saw 1 of its levels.

You collected 10 gold pieces.

Inventory:

Hand Weapons
 c - a +0 spear
 e - a +0 heavy hand axe (weapon)
Armour
 a - a +0 robe (worn)
 h - a +0 pair of boots (worn)
Talismans
 f - a maw talisman
Scrolls
 g - a scroll of revelation {unknown}
Potions
 d - a potion of curing {unknown}


   Skills:
 + Level 2.2 Dodging
 + Level 1.8 Stealth
 + Level 2.2 Spellcasting
 + Level 1.1 Conjurations
 + Level 3.8 Air Magic


You had 4 spell levels left.
You knew the following spells:

 Your Spells              Type           Power      Damage    Failure   Level
a - Shock                 Conj/Air       36%        1d5       8%          1

Your spell library contained the following spells:

 Spells                   Type           Power      Damage    Failure   Level
 Static Discharge         Conj/Air       18%        3-4/arc   12%         2
 Swiftness                Air            13%        N/A       14%         3
 Airstrike                Air            6%         2d(1-17)  41%         4


Dungeon Overview and Level Annotations

Branches:
Dungeon (1/15)

Altars:


Innate Abilities, Weirdness & Mutations

You are amphibious.
You cover ground slowly.
You can hop short distances.
You have an extended range of vision and can be seen from far away.


Message History

Confirm with . or Enter, or press ? or * to list all spells.
Aiming: Shock (safe; 9% risk of failure)
Press: ? - help, Shift-Dir - straight line, f/p - goblin
Aim: a goblin, wielding a +0 club, wearing a +0 robe and quivering stones (severely wounded, 60% to hit)
The zap misses the gnoll.
The zap hits the goblin but does no damage.
The goblin is severely wounded.
The gnoll barely misses you.
Casting: Shock (safe; 9% risk of failure)
Confirm with . or Enter, or press ? or * to list all spells.
Aiming: Shock (safe; 9% risk of failure)
Press: ? - help, Shift-Dir - straight line, f/p - goblin
Aim: a goblin, wielding a +0 club, wearing a +0 robe and quivering stones (severely wounded, 60% to hit)
The zap hits the gnoll.
The gnoll is moderately wounded.
The zap hits the goblin.
You kill the goblin!
The gnoll hits you from afar with a +0 spear.
A kobold comes into view. It is wielding a +0 dagger.
Casting: Shock (safe; 8% risk of failure)
Confirm with . or Enter, or press ? or * to list all spells.
Aiming: Shock (safe; 8% risk of failure)
Press: ? - help, Shift-Dir - straight line, f - gnoll
Aim: a gnoll, wielding a +0 spear (moderately wounded, 72% to hit)
The zap hits the gnoll.
The gnoll is heavily wounded.
The gnoll hits you from afar with a +0 spear.
Unknown command.
Casting: Shock (safe; 8% risk of failure)
Confirm with . or Enter, or press ? or * to list all spells.
Aiming: Shock (safe; 8% risk of failure)
Press: ? - help, Shift-Dir - straight line, f/p - gnoll
Aim: a gnoll, wielding a +0 spear (heavily wounded, 72% to hit)
The zap hits the gnoll.
The gnoll is severely wounded.
The gnoll hits you from afar with a +0 spear!
* * * LOW HITPOINT WARNING * * *
Magic courses through your body.
The gnoll hits you from afar with a +0 spear.
You die...

##.# .... #..## ###...
..... #.#.# ......
#.#.#######.#.....
########.#...$...........
........@.g...####.##....
........#####............
........ #.#.)###.#..##.
..K..... #......#.#..##.
####'### #.#..#.#.#..##.
#'## #........#..... .
.....#.............. .
.........[.......### .
.....#...........# #


You could see a gnoll and a kobold.

Vanquished Creatures
  An endoplasm (D:1)
  A goblin (D:1)
  3 jackals (D:1)
  A bat (D:1)
  A kobold (D:1)
7 creatures vanquished.

Notes
Turn   | Place    | Note
-------+----------+-------------------------------------------
     0 | D:1      | monsoonserge the Barachi Air Elementalist began the quest
                  | for the Orb.
     0 | D:1      | Reached XP level 1. HP: 13/13 MP: 3/3
   134 | D:1      | Reached XP level 2. HP: 15/19 MP: 1/5
   200 | D:1      | Slain by a gnoll

Illustrated notes

Levels and vault maps discovered:
D:1:      saegor_arrival_simple_e, layout_basic

Action                     || total
---------------------------++-------
  Melee: Hand axe          ||     2
   Cast: Shock             ||    14
    Use: Potion            ||     1
 Armour: Robe              ||     8
  Dodge: Dodged            ||     2
